 Dungeon Crawl Stone Soup version 0.23-a0-54-gae6112e (webtiles) character file.

721 smeego the Slasher (level 7, -5/48 HPs)
             Began as an Octopode Fighter on Aug 8, 2018.
             Killed by nerve-wracking pain
             ... invoked by an orc priest
              (12 damage)
             ... on level 5 of the Dungeon.
             The game lasted 00:02:47 (2502 turns).

smeego the Slasher (Octopode Fighter)               Turns: 2502, Time: 00:02:47

Health: -5/48      AC:  1    Str: 18    XL:     7   Next: 71%
Magic:  16/16      EV: 13    Int: 10    God:
Gold:   185        SH:  9    Dex: 13    Spells: 6/6 levels left

rFire    . . .     SeeInvis .   a - +0 long sword
rCold    . . .     Gourm    .   b - +0 shield
rNeg     . . .     Faith    .   (helmet restricted)
rPois    .         Spirit   .   (no amulet)
rElec    .         Reflect  .   m - ring of magical power
rCorr    .         Harm     .   n - +2 ring of strength
MR       .....                  (no ring)
Stlth    ++++......             (no ring)
HPRegen  0.16/turn              (no ring)
MPRegen  0.15/turn              (no ring)
                                (no ring)
                                (no ring)

@: no status effects
A: almost no armour, stealthy swim, amphibious, 8 rings, constrict 8, camouflage
1, gelatinous body 1
a: no special abilities


You were on level 5 of the Dungeon.
You were not hungry.

You visited 1 branch of the dungeon, and saw 5 of its levels.

You collected 185 gold pieces.

Inventory:

Hand Weapons
 a - a +0 long sword (weapon)
 o - a +2 trident of protection
Armour
 b - a +0 shield (worn)
Jewellery
 m - a ring of magical power (left tentacle)
 n - a +2 ring of strength (right tentacle)
Scrolls
 e - 3 scrolls of identify
 f - 3 scrolls of remove curse
 g - a scroll of noise {unknown}
 h - a scroll of fear {unknown}
 j - a scroll of enchant armour {unknown}
 k - a scroll of magic mapping {unknown}
 p - 3 scrolls of teleportation {unknown}
Potions
 c - 2 potions of might
 i - a potion of flight
 l - 3 potions of curing
 q - a potion of cancellation
 r - a potion of invisibility
Comestibles
 d - 9 rations


   Skills:
 + Level 4.2 Fighting
 * Level 4.8 Long Blades
 + Level 4.3 Dodging
 + Level 4.0 Stealth
 + Level 4.2 Shields
 + Level 2.8 Unarmed Combat


You had 6 spell levels left.
You didn't know any spells.
Your spell library was empty.

Dungeon Overview and Level Annotations

Branches:
Dungeon (5/15)
 Temple: D:4-7

Altars:


Innate Abilities, Weirdness & Mutations

You cannot wear most types of armour.
You are very stealthy in the water. (Stealth+)
You are amphibious.
You can wear up to eight rings at the same time.
You can use your tentacles to constrict eight enemies at once.
Your skin changes colour to match your surroundings (Stealth+).
Your rubbery body absorbs attacks. (AC +1, EV +1)


Message History

An orc comes into view. It is wielding a whip.
The orc priest shouts!
You hear a shout! x2; The orc shouts!
An orc priest comes into view. It is wielding a dagger.
The orc priest mumbles some strange prayers to Beogh against you.
Pain shoots through your body!
The orc moves out of view.
You are too injured to fight recklessly!
You are too injured to fight recklessly!
You are too injured to fight recklessly!
Unknown command.
You closely miss the orc priest. You grab the orc priest.
You constrict the orc priest, but do no damage.
The orc priest invokes the aid of Beogh against you.
Beogh smites you!
* * * LOW HITPOINT WARNING * * *
You hit the orc priest.
The orc priest is moderately wounded.
You constrict the orc priest.
The orc priest invokes the aid of Beogh against you.
Pain shoots through your body!
You die...

.... ...# #######
...+ ......
...#####.##..#
.......#<.#...
.......##.#...
#........†#.?.
...)..#####...#####
......†...#..[oo@.#
...######.#...###!#
...# #.#..# #.#
#### #.#.. #.# #
#.#. #.# # #.#.
#.#.# #.# .. #.#
#########.##.# #.#
........>....# #.#


You could see 2 orc priests.

Vanquished Creatures
  Grinder (D:4)
  An ogre (D:4)
  A centaur (D:3)
  A scorpion (D:4)
  A hound (D:4)
  An orc priest (D:5)
  An iguana (D:5)
  An orc wizard (D:5)
  3 worker ants
  A hound skeleton (D:4)
  A worker ant zombie (D:5)
  3 adders
  An adder skeleton (D:4)
  A worm (D:3)
  A dart slug (D:3)
  2 leopard geckos (D:1)
  3 orcs
  5 bats
  4 giant cockroaches
  5 goblins
  9 hobgoblins
  6 jackals (D:3)
  A quokka (D:3)
  2 ball pythons
  5 frilled lizards
  A jackal skeleton (D:4)
  5 kobolds
  10 rats
77 creatures vanquished.

Notes
Turn   | Place    | Note
-------+----------+-------------------------------------------
     0 | D:1      | smeego the Octopode Fighter began the quest for the Orb.
     0 | D:1      | Reached XP level 1. HP: 16/16 MP: 1/1
    89 | D:1      | Reached XP level 2. HP: 19/21 MP: 2/2
   844 | D:2      | Reached XP level 3. HP: 26/26 MP: 3/3
   938 | D:2      | Reached skill level 1 in Stealth
   990 | D:2      | Reached skill level 1 in Unarmed Combat
  1216 | D:3      | Reached XP level 4. HP: 31/31 MP: 4/4
  1558 | D:3      | Noticed a centaur
  1577 | D:3      | Killed a centaur
  1577 | D:3      | Reached XP level 5. HP: 8/36 MP: 5/5
  1934 | D:4      | Noticed an ogre
  1942 | D:4      | Killed an ogre
  1942 | D:4      | Reached XP level 6. HP: 41/43 MP: 6/6
  2312 | D:4      | Noticed Grinder
  2319 | D:4      | Killed Grinder
  2319 | D:4      | Reached XP level 7. HP: 41/48 MP: 7/7
  2374 | D:5      | Entered Level 5 of the Dungeon
  2502 | D:5      | Killed from afar by an orc priest

Vault maps used:
D:1:      saegor_arrival_miasma
D:2:      first_ration
D:4:      hangedman_abyss_or_decor_stabs, solitary_fountain, uniq_grinder
D:5:      vehumet_altar_wand_db

Skill      XL: |  1  2  3  4  5  6  7 |
---------------+----------------------+-----
Stealth        | 1 2 3 4 |  4.0
Unarmed Combat | 1 2 |  2.8
Long Blades    | 3 4 |  4.8
Fighting       | 4 |  4.2
Dodging        | 4 |  4.3
Shields        | 4 |  4.2

Action                   |  1- 3 |  4- 6 |  7- 9 || total
-------------------------+-------+-------+-------++-------
Melee: Long sword        |    50 |    72 |    27 ||   149
       Constrict         |    14 |    18 |     7 ||    39
       Tentacles         |     7 |    16 |     6 ||    29
       Trident           |       |    10 |       ||    10
       Punch             |       |     1 |     1 ||     2
  Use: Potion            |       |     2 |       ||     2
       Scroll            |       |     3 |     1 ||     4
 Stab: Sleeping          |     5 |     6 |     3 ||    14
       Distracted        |     1 |     1 |       ||     2
  Eat: Chunk             |       |     5 |       ||     5
Armor: Skin              |     4 |     6 |     1 ||    11
Dodge: Dodged            |    24 |    37 |     9 ||    70
Block: Shield            |    23 |    33 |     9 ||    65
       Rpst.: Long sword |    13 |     7 |     4 ||    24

Table legend:
 A = Spawn XP
 B = Non-spawn XP
 C = Spawn XP percentage of total XP
 D = Spawn monster count
 E = Non-spawn monster count
 F = Spawn count percentage of total count
 G = Total turns spent on level
                    A         B        C        D         E        F      G
               +---------+---------+-------+---------+---------+-------+---------
         Total |       0 |    1031 |   0.0 |       0 |      77 |   0.0 |  2502
               +---------+---------+-------+---------+---------+-------+---------
           D:1 |       0 |      27 |   0.0 |       0 |      17 |   0.0 |   735
           D:2 |       0 |      41 |   0.0 |       0 |      12 |   0.0 |   475
           D:3 |       0 |     179 |   0.0 |       0 |      28 |   0.0 |   707
           D:4 |       0 |     581 |   0.0 |       0 |      11 |   0.0 |   457
           D:5 |       0 |     203 |   0.0 |       0 |       9 |   0.0 |   128
               +---------+---------+-------+---------+---------+-------+---------
